 Dungeon Crawl Stone Soup version 0.22-a0-422-g9628fc8 (webtiles) character file.

342 twist the Ducker (level 6, -12/44 HPs)
             Began as a Gnoll Wanderer on May 17, 2018.
             Killed from afar by Ijyb (19 damage)
             ... with a wand of acid (2)
             ... on level 3 of the Dungeon.
             The game lasted 00:07:38 (2765 turns).

twist the Ducker (Gnoll Wanderer)                   Turns: 2765, Time: 00:07:39

Health: -12/44     AC:  0    Str: 15    XL:     6   Next: 57%
Magic:  8/11       EV: 14    Int: 16    God:
Gold:   102        SH:  0    Dex: 14    Spells: 3/11 levels left

rFire    . . .     SeeInvis .   a - +2 quarterstaff
rCold    . . .     Gourm    .   (shield currently unavailable)
rNeg     . . .     Faith    .   d - +0 robe
rPois    .         Spirit   .   (no helmet)
rElec    .         Reflect  .   b - +0 cloak
rCorr    .         Harm     .   (no gloves)
MR       .....                  (no boots)
Stlth    ++........             (no amulet)
HPRegen  0.14/turn              (no ring)
MPRegen  0.12/turn              (no ring)

@: corroded, drained
A: distributed training, fangs 1, strong nose
a: no special abilities


You were on level 3 of the Dungeon.
You were not hungry.

You visited 1 branch of the dungeon, and saw 3 of its levels.

You collected 102 gold pieces.

Inventory:

Hand Weapons
 a - a +2 quarterstaff (weapon)
 m - a +2 whip of venom
Missiles
 n - 8 poisoned needles
Armour
 b - a +0 cloak (worn)
 d - a +0 robe (worn)
 p - a cursed +0 robe
Jewellery
 e - an uncursed ring of resist corrosion {unknown}
 r - an uncursed ring of magical power {unknown}
Scrolls
 c - a scroll of fog {unknown}
 h - 3 scrolls of remove curse {unknown}
 i - a scroll of fear {unknown}
 k - 2 scrolls of identify {unknown}
 o - a scroll of immolation {unknown}
 t - a scroll of blinking {unknown}
Potions
 j - a potion of lignification
 l - a potion of magic {unknown}
 q - a potion of degeneration {unknown}
 s - a potion of invisibility {unknown}
Comestibles
 f - 5 rations
 g - 5 chunks of flesh


   Skills:
 + Level 2.0(1.8) Fighting
 + Level 2.0(1.8) Short Blades
 + Level 2.0(1.8) Long Blades
 + Level 2.0(1.8) Axes
 + Level 2.0(1.8) Maces & Flails
 + Level 2.0(1.8) Polearms
 + Level 3.2(3.0) Staves
 + Level 2.0(1.8) Slings
 + Level 2.0(1.8) Bows
 + Level 2.0(1.8) Crossbows
 + Level 3.2(3.0) Throwing
 + Level 2.0(1.8) Armour
 + Level 5.0(4.8) Dodging
 + Level 2.0(1.8) Stealth
 + Level 2.0(1.8) Shields
 + Level 2.0(1.8) Unarmed Combat
 + Level 3.4(3.2) Spellcasting
 + Level 1.5(1.4) Conjurations
 + Level 1.5(1.4) Hexes
 + Level 1.5(1.4) Charms
 + Level 1.5(1.4) Summonings
 + Level 1.5(1.4) Necromancy
 + Level 1.5(1.4) Translocations
 + Level 1.5(1.4) Transmutations
 + Level 1.5(1.4) Fire Magic
 + Level 4.1(3.9) Ice Magic
 + Level 1.5(1.4) Air Magic
 + Level 4.1(3.9) Earth Magic
 + Level 1.5(1.4) Poison Magic
 + Level 2.2(2.0) Invocations
 + Level 3.2(3.0) Evocations


You had 3 spell levels left.
You knew the following spells:

 Your Spells              Type           Power        Failure   Level  Hunger
a - Freeze                Ice            ###.         3%          1    None
b - Ozocubu's Armour      Chrm/Ice       ##......     19%         3    ###....
c - Shock                 Conj/Air       #...         11%         1    None
d - Static Discharge      Conj/Air       #.......     30%         3    ###....

Your spell library contained the following spells:

 Spells                   Type           Power        Failure   Level  Hunger
 Confuse                  Hex            #.......     30%         3    ###....
 Confusing Touch          Hex            #.....       11%         1    None
 Metabolic Englaciation   Hex/Ice        ##........   86%         5    ######.
 Petrify                  Tmut/Erth      ##......     52%         4    ####...
 Gell's Gravitas          Tloc           #.........   30%         3    ###....
 Yara's Violent Unravell  Hex/Tmut       #.........   96%         5    ######.


Dungeon Overview and Level Annotations

Branches:
Dungeon (3/15)

Altars:

Annotations:
D:3 Ijyb


Innate Abilities, Weirdness & Mutations

Your experience applies equally to all skills.
You have very sharp teeth.
Your uncanny sense of smell can sniff out nearby items.


Message History

Ijyb hits you with a dagger.
* * * LOW HITPOINT WARNING * * *
Casting: Freeze (safe; 3% risk of failure)
Confirm with . or Enter, or press ? or * to list all spells.
Aiming: Freeze (safe; 3% risk of failure)
Press: ? - help, Shift-Dir - straight line, f/p - Ijyb
Aim: Ijyb, wielding a dagger, wearing a leather armour and carrying a wand of acid (2) (moderately wounded)
You freeze Ijyb.
Ijyb is severely wounded.
Ijyb closely misses you.
Casting: Freeze (safe; 3% risk of failure)
Confirm with . or Enter, or press ? or * to list all spells.
Aiming: Freeze (safe; 3% risk of failure)
Press: ? - help, Shift-Dir - straight line, f/p - Ijyb
Aim: Ijyb, wielding a dagger, wearing a leather armour and carrying a wand of acid (2) (severely wounded)
You freeze Ijyb.
Ijyb is almost dead.
The hobgoblin shouts!
Ijyb zaps a wand.
The bolt of acid hits you!
You die...

##### ##.## #.# #.#
##.## #.# ....# ##'##
....# ##...## ....#
##.....## ....# #
##.......## ....#
####.........####...####
...'.........'..@.......
####........g###.g......
# ##.......## #.#.###..
##.....## #.#.# ##...##
#.# . ##'## #.# .# #.#
#g# # g.. #.. g#.#


You could see Ijyb and 2 hobgoblins.

Vanquished Creatures
  Grinder (D:3)
  6 adders
  An ooze (D:2)
  A worm (D:2)
  2 dart slugs (D:1)
  A leopard gecko (D:2)
  A ball python (D:1)
  5 bats
  5 giant cockroaches
  13 goblins
  8 hobgoblins
  10 kobolds
  2 quokkas (D:3)
  9 frilled lizards
  9 rats
74 creatures vanquished.

Notes
Turn   | Place    | Note
-------+----------+-------------------------------------------
     0 | D:1      | twist the Gnoll Wanderer began the quest for the Orb.
     0 | D:1      | twist set off with: a +2 quarterstaff, a +0 robe, a ration
     0 | D:1      | Reached XP level 1. HP: 13/13 MP: 4/4
   134 | D:1      | Reached XP level 2. HP: 19/19 MP: 5/5
   270 | D:1      | Reached XP level 3. HP: 22/25 MP: 7/7
   769 | D:2      | Reached skill level 1 in Invocations
   922 | D:2      | Reached skill level 1 in Fighting
   922 | D:2      | Reached skill level 1 in Short Blades
   922 | D:2      | Reached skill level 1 in Long Blades
   922 | D:2      | Reached skill level 1 in Axes
   922 | D:2      | Reached skill level 1 in Maces & Flails
   922 | D:2      | Reached skill level 1 in Polearms
   922 | D:2      | Reached skill level 1 in Slings
   922 | D:2      | Reached skill level 1 in Bows
   922 | D:2      | Reached skill level 1 in Crossbows
   922 | D:2      | Reached skill level 1 in Armour
   922 | D:2      | Reached skill level 1 in Stealth
   922 | D:2      | Reached skill level 1 in Shields
   922 | D:2      | Reached skill level 1 in Unarmed Combat
   922 | D:2      | Reached XP level 4. HP: 32/32 MP: 8/8
  1609 | D:3      | Noticed Grinder
  1616 | D:2      | Learned a level 1 spell: Freeze
  1620 | D:2      | Learned a level 3 spell: Ozocubu's Armour
  1622 | D:2      | Learned a level 1 spell: Shock
  1626 | D:2      | Learned a level 3 spell: Static Discharge
  1627 | D:3      | Paralysed by Grinder for 4 turns
  1775 | D:3      | Paralysed by Grinder for 2 turns
  1782 | D:3      | Killed Grinder
  1782 | D:3      | Reached skill level 1 in Conjurations
  1782 | D:3      | Reached skill level 1 in Hexes
  1782 | D:3      | Reached skill level 1 in Charms
  1782 | D:3      | Reached skill level 1 in Summonings
  1782 | D:3      | Reached skill level 1 in Necromancy
  1782 | D:3      | Reached skill level 1 in Translocations
  1782 | D:3      | Reached skill level 1 in Transmutations
  1782 | D:3      | Reached skill level 1 in Fire Magic
  1782 | D:3      | Reached skill level 1 in Air Magic
  1782 | D:3      | Reached skill level 1 in Poison Magic
  1782 | D:3      | Reached XP level 5. HP: 5/38 MP: 1/10
  1782 | D:3      | Reached XP level 6. HP: 6/44 MP: 1/11
  2259 | D:3      | Reached skill level 5 in Dodging
  2759 | D:3      | Noticed Ijyb
  2765 | D:3      | Killed from afar by Ijyb

Vault maps used:
D:1:      kennysheep_arrival_seaside
D:3:      minmay_goblin_outpost, uniq_ijyb, uniq_grinder

Skill      XL: |  1  2  3  4  5  6 |
---------------+-------------------+-----
Invocations    | 1 2 |  2.2
Fighting       | 1 2 |  2.0
Short Blades   | 1 2 |  2.0
Long Blades    | 1 2 |  2.0
Axes           | 1 2 |  2.0
Maces & Flails | 1 2 |  2.0
Polearms       | 1 2 |  2.0
Slings         | 1 2 |  2.0
Bows           | 1 2 |  2.0
Crossbows      | 1 2 |  2.0
Armour         | 1 2 |  2.0
Stealth        | 1 2 |  2.0
Shields        | 1 2 |  2.0
Unarmed Combat | 1 2 |  2.0
Spellcasting   | 3 |  3.4
Staves         | 3 |  3.2
Throwing       | 3 |  3.2
Conjurations   | 1 |  1.5
Hexes          | 1 |  1.5
Charms         | 1 |  1.5
Summonings     | 1 |  1.5
Necromancy     | 1 |  1.5
Translocations | 1 |  1.5
Transmutations | 1 |  1.5
Fire Magic     | 1 |  1.5
Ice Magic      | 4 |  4.1
Air Magic      | 1 |  1.5
Earth Magic    | 4 |  4.1
Poison Magic   | 1 |  1.5
Evocations     | 3 |  3.2
Dodging        | 5 |  5.0

Action                   |  1- 3 |  4- 6 || total
-------------------------+-------+-------++-------
Melee: Quarterstaff      |    82 |    88 ||   170
       Bite              |     6 |     7 ||    13
 Cast: Shock             |       |    10 ||    10
       Freeze            |       |    15 ||    15
  Use: Potion            |       |     1 ||     1
 Stab: Sleeping          |     2 |     3 ||     5
  Eat: Chunk             |       |     3 ||     3
       Ration            |       |     1 ||     1
Armor: Robe              |    22 |    26 ||    48
       Skin              |       |     1 ||     1
Dodge: Dodged            |    63 |    80 ||   143

Table legend:
 A = Spawn XP
 B = Non-spawn XP
 C = Spawn XP percentage of total XP
 D = Spawn monster count
 E = Non-spawn monster count
 F = Spawn count percentage of total count
 G = Total turns spent on level
                    A         B        C        D         E        F      G
               +---------+---------+-------+---------+---------+-------+---------
         Total |       0 |     489 |   0.0 |       0 |      74 |   0.0 |  2765
               +---------+---------+-------+---------+---------+-------+---------
           D:1 |       0 |      45 |   0.0 |       0 |      27 |   0.0 |   660
           D:2 |       0 |      83 |   0.0 |       0 |      22 |   0.0 |  1091
           D:3 |       0 |     361 |   0.0 |       0 |      25 |   0.0 |  1014
               +---------+---------+-------+---------+---------+-------+---------
